 Dungeon Crawl Stone Soup version 0.31-a0-521-gc7390f8997 (webtiles) character file.

Game seed: 13660132125241298694

88 Fodor the Shield-Bearer (level 4, -1/40 HPs)
             Began as a Minotaur Fighter on Aug 10, 2023.
             Slain by Natasha (5 damage)
             ... on level 3 of the Dungeon.
             The game lasted 00:09:37 (1647 turns).

Fodor the Shield-Bearer (Minotaur Fighter)          Turns: 1647, Time: 00:09:38

Health: -1/40      AC:  0    Str: 22    XL:     4   Next: 30%
Magic:  3/3        EV: 13    Int:  5    God:
Gold:   146        SH:  5    Dex: 10    Spells: 3/3 levels left

rFire   . . .        g - melded +0 mace (drain)
rCold   . . .        c - melded +0 buckler
rNeg    . . .        b - melded +0 scale mail
rPois   .            (helmet currently unavailable)
rElec   .            (cloak currently unavailable)
rCorr   .            (gloves currently unavailable)
SInv    .            (boots currently unavailable)
Will    .....        n - amulet of reflection
Stlth   +            (ring currently unavailable)
HPRegen 0.26/turn    (ring currently unavailable)
MPRegen 0.08/turn

%: reflection
@: pig-form (expiring), very quick
A: fast, no casting, small, (horns 2), (retaliatory headbutt)
a: no special abilities


You were on level 3 of the Dungeon.
You were a filthy swine.
You visited 1 branch of the dungeon, and saw 3 of its levels.

You collected 146 gold pieces.

Inventory:

Hand Weapons
 g - a +0 mace of draining (melded)
Missiles
 e - 11 boomerangs (quivered)
 i - 6 curare-tipped darts
Armour
 b - a +0 scale mail (melded)
 c - a +0 buckler (melded)
Jewellery
 n - an amulet of reflection (around neck)
Scrolls
 a - 4 scrolls of teleportation {unknown}
 f - a scroll of silence {unknown}
 k - a scroll of enchant armour {unknown}
 l - a scroll of poison {unknown}
 m - 2 scrolls of amnesia {unknown}
 p - 2 scrolls of noise {unknown}
Potions
 d - a potion of might
 h - 2 potions of curing {unknown}
 j - a potion of mutation {unknown}
 o - a potion of haste {unknown}


   Skills:
 + Level 3.9 Fighting
 + Level 3.7 Long Blades
 + Level 4.2 Armour
 + Level 1.2 Dodging
 + Level 4.5 Shields


You had 3 spell levels left.
You didn't know any spells.
Your spell library contained the following spells:

 Spells                   Type           Power      Damage    Failure   Level
 Freeze                   Ice            0%         1d3       47%         1
 Frozen Ramparts          Ice            0%         1d1       85%         3
 Hailstorm                Conj/Ice       0%         3d3       85%         3


Dungeon Overview and Level Annotations

Branches:
Dungeon (3/15)

Altars:

Shops:
D:2 !

Annotations:
D:3 Natasha


Innate Abilities, Weirdness & Mutations

You are a filthy swine.
You move quickly.
Your equipment is almost entirely melded.
You are incapable of wielding weapons or throwing items.
You cannot cast spells.
((You have a pair of horns on your head.))
((You reflexively headbutt those who attack you in melee.))


Message History

The cerulean imp closely misses you. Natasha closely misses you.
You barely miss Natasha.
Natasha is lightly wounded.
The cerulean imp completely misses you. Natasha claws you.
You barely miss Natasha.
Natasha is lightly wounded.
You block the cerulean imp's attack.
Natasha casts a spell.
You completely miss Natasha.
Natasha is lightly wounded.
The cerulean imp hits you with a +2 spear.
You hit Natasha.
Natasha is moderately wounded.
Natasha barely misses you. The cerulean imp completely misses you.
The cerulean imp closely misses you.
You hit Natasha.
Natasha is heavily wounded.
Your transformation is almost over.
Natasha claws you.
The cerulean imp hits you with a +2 spear.
The cerulean imp completely misses you.
You hit Natasha but do no damage.
Natasha is moderately wounded.
Natasha misses you.
The cerulean imp hits you with a +2 spear.
The cerulean imp misses you.
You barely miss Natasha.
Natasha is moderately wounded.
Natasha claws you.
The cerulean imp hits you with a +2 spear!
The cerulean imp hits you from afar with a +1 spear.
* * * LOW HITPOINT WARNING * * *
You closely miss Natasha.
Natasha is moderately wounded.
You block Natasha's attack. The cerulean imp misses you.
The cerulean imp barely misses you.
The cerulean imp hits you from afar with a +1 spear.
* * * LOW HITPOINT WARNING * * *
You block the cerulean imp's attack. Natasha claws you.
You die...

#.# .# #.# #.# #.#
#.# #.# #.# ####.#
#.# # # ..#.# #.#
#.# #.#.# # #.# #.#
#.#.####.# #.#
#...# #..h.5...#
#.##.#
#.####h5....# #.#.#
#.###>####### #..#
#.##........ #..#
#....####### ##.##
##.##.# ##.##
##.....#
##.###.####........
##...## #########
#####


You could see Natasha and 2 cerulean imps.

Vanquished Creatures
  4 adders (D:2)
  A worm (D:2)
  8 ball pythons
  6 endoplasms
  3 giant cockroaches
  3 goblins (D:1)
  2 hobgoblins
  6 jackals (D:1)
  2 quokkas
  4 bats
  2 frilled lizards (D:2)
  4 kobolds
  A rat (D:1)
46 creatures vanquished.

Notes
Turn   | Place    | Note
-------+----------+-------------------------------------------
     0 | D:1      | Fodor the Minotaur Fighter began the quest for the Orb.
     0 | D:1      | Reached XP level 1. HP: 19/19 MP: 0/0
   130 | D:1      | Reached XP level 2. HP: 23/27 MP: 1/1
   654 | D:1      | Reached XP level 3. HP: 33/33 MP: 2/2
   956 | D:2      | Found Gizozy's Distillery.
  1054 | D:2      | Reached skill level 1 in Dodging
  1133 | D:2      | Reached XP level 4. HP: 40/40 MP: 3/3
  1370 | D:2      | Found a faded altar of an unknown god.
  1626 | D:3      | Noticed Natasha
  1647 | D:3      | Slain by Natasha

Illustrated notes

Levels and vault maps discovered:
D:1:      dpeg_arrival_rooms_c, layout_loops_ring, supply_closet_lemuel,
          minivault_14
D:2:      layout_rooms, hellmonk_ecumenical_altar_pennies_from_heaven,
          serial_shops, nicolae_shop_industrial_runoff,
          chequers_serial_rivers_micro_b
D:3:      layout_loops_ring, grunt_temple_overflow_cloverleaf,
          ebering_ghost_inner_flame, uniq_crazy_yiuf_cottage, uniq_ijyb,
          uniq_natasha

Skill      XL: |  1  2  3 |
---------------+----------+-----
Armour         | 4 |  4.2
Shields        | 4 |  4.5
Long Blades    | 3 |  3.7
Dodging        | 1 |  1.2
Fighting       | |  3.9

Action                     |  1- 3 |  4- 6 || total
---------------------------+-------+-------++-------
  Melee: Long sword        |    59 |       ||    59
         Headbutt          |     7 |     1 ||     8
         Mace              |    22 |    15 ||    37
         Unarmed           |       |    12 ||    12
 Armour: Scale mail        |    50 |     5 ||    55
  Dodge: Dodged            |    45 |    20 ||    65
  Block: Buckler           |    18 |     6 ||    24
         Other             |       |     3 ||     3

Table legend: (Time is in decaauts)
 A = Elapsed time spent in this place.
 B = Non-inter-level travel time spent in this place.
 C = Inter-level travel time spent in this place.
 D = Time resting spent in this place.
 E = Time spent auto-exploring this place.
 F = Levels seen in this place.
 G = Mean time per level.
                   A        B        C        D        E       F      G
               +--------+--------+--------+--------+--------+-----+--------+
         Total |   1683 |   1683 |      0 |     57 |      0 |   3 |  561.0 |
       Dungeon |   1683 |   1683 |      0 |     57 |      0 |   3 |  561.0 |
               +--------+--------+--------+--------+--------+-----+--------+

Top non-repeatable levels by time:
     D:1: 975 daAuts
     D:2: 516 daAuts
     D:3: 191 daAuts
